 Dungeon Crawl Stone Soup version 0.17-a0-1442-g10bb59b (webtiles) character file.

2795 pulse the Cleaver (level 9, -5/78 HPs)
             Began as a Hill Orc Fighter on June 27, 2015.
             Was an Elder of Makhleb.
             Slain by an orc warrior
             ... wielding a +0 glaive
              (12 damage)
             ... in a bailey.
             The game lasted 00:34:55 (11002 turns).

pulse the Cleaver (Hill Orc Fighter)               Turns: 11002, Time: 00:34:56

Health: -5/78      AC: 17    Str: 27    XL:     9   Next: 71%
Magic:  10/11      EV:  6    Int:  8    God:    Makhleb [****..]
Gold:   128        SH: 11    Dex: 10    Spells: 0 memorised, 8 levels left

rFire  . . .     SeeInvis .     D - +1 flail (crush)
rCold  . . .     Clarity  +     s - +0 plate armour
rNeg   . . .     SustAt   .     c - +1 shield
rPois  .         Gourm    .     (no helmet)
rElec  .         Spirit   .     i - +0 cloak
rCorr  .         Warding  .     (no gloves)
rMut   .         Rnd*Tele +     (no boots)
MR     .....                    A - amulet of clarity
Stlth  ..........               F - +2 ring of protection
                                r - ring of teleportation (curse)

@: mighty, not resistant to hostile enchantments, extremely unstealthy
A: no striking features
a: Minor Destruction, Lesser Servant of Makhleb, Major Destruction, Renounce
Religion, Evoke Teleportation


You were in a bailey.
You worshipped Makhleb.
Makhleb was greatly pleased with you.
You were not hungry.

You visited 2 branches of the dungeon, and saw 9 of its levels.
You also visited: Sewer and Bailey.

You collected 347 gold pieces.
You spent 219 gold pieces at shops.

Inventory:

Hand weapons
 a - a +1 war axe
 k - a +2 halberd of flaming
 o - a +0 flail
 D - a +1 flail of crushing (weapon)
Armour
 c - a +1 shield (worn)
 i - a +0 cloak (worn)
 s - a +0 plate armour (worn)
Jewellery
 r - a cursed ring of teleportation (left hand)
 A - an amulet of clarity (around neck)
 B - an uncursed ring of positive energy
 F - a +2 ring of protection (right hand)
Magical devices
 G - a wand of magic darts (33)
 I - a wand of cold (5)
Scrolls
 b - 7 scrolls of remove curse
 h - 3 scrolls of teleportation
 j - a scroll of enchant weapon
 l - 3 scrolls of recharging
 q - a scroll of magic mapping
 v - 3 scrolls of amnesia
 w - 6 scrolls of identify
Potions
 d - 4 potions of might
 f - a potion of brilliance
 g - 2 potions of lignification
 m - 3 potions of heal wounds
 n - 3 potions of agility
 p - 3 potions of flight
 x - 3 potions of curing
 z - 2 potions of ambrosia
 H - a potion of haste {unknown}
Books
 u - a book of Dreams

   Spells                             Type                      Level
   a - Ensorcelled Hibernation        Hexes/Ice                    2
   b - Phase Shift                    Translocation                5
   c - Shadow Creatures               Summoning                    5
   d - Silence                        Hexes/Air                    5
   e - Mass Confusion                 Hexes                        6
   f - Darkness                       Hexes                        7
 y - a book of Changes

   Spells                             Type                      Level
   a - Beastly Appendage              Transmutation                1
   b - Sticks to Snakes               Transmutation                2
   c - Spider Form                    Transmutation/Poison         3
   d - Ice Form                       Ice/Transmutation            4
   e - Blade Hands                    Transmutation                5
Comestibles
 e - a bread ration
 t - a beef jerky
 C - a meat ration


   Skills:
 + Level 6.8 Fighting
 * Level 9.8 Axes
 + Level 9.6 Armour
 - Level 1.1 Dodging
 - Level 0.1 Stealth
 + Level 4.6 Shields
 * Level 3.4 Evocations


You had 8 spell levels left.
You didn't know any spells.

Dungeon Overview and Level Annotations

Branches:
Dungeon (8/15)             Temple (1/1) D:4
   Lair: D:8-11

Altars:
Cheibriados
Dithmenos
Fedhas
Gozag
Makhleb
Nemelex Xobeh
Okawaru
Qazlal
Ru
Sif Muna
Trog
Vehumet
Xom
Yredelemnul
Zin
The Shining One

Shops:
D:4 ?((?*   D:5 *   D:7 !


Message History

You block the orc warrior's attack. The orc knight hits you with a halberd.
The orc warrior barely misses you.
Unknown command.
You closely miss the orc warrior.
The orc warrior is severely wounded.
The orc warrior hits you! You block the orc knight's attack.
You block the orc warrior's attack.
You closely miss the orc warrior.
The orc warrior is severely wounded.
You block the orc warrior's attack. The orc knight hits you with a halberd!
The orc warrior hits you from afar with a glaive!!
The orc warrior hits you.
* * * LOW HITPOINT WARNING * * *
Your plate armour prevents you from hitting the orc warrior.
The orc warrior is severely wounded.
The orc knight hits you with a halberd!
* * * LOW HITPOINT WARNING * * *
You block the orc warrior's attack.
The orc warrior hits you from afar with a glaive!
You die...

## ###
##.###########∩## ##
#[..##.....##...##..
#(..#..≈≈≈..#...#..≈
#...#.≈≈o≈≈.......≈≈
#..o(.≈ooo≈...((..≈o
#[o.#(≈≈o≈≈((..(..≈≈
#/.@#..≈≈≈..#((.#..≈
#..o##(..(.##.§.##..
##.###########∩## ##
## ###


You could see an orc knight and 2 orc warriors.

Vanquished Creatures
  Grinder (D:6)
  Sigmund (D:3)
  Menkaure (D:4)
  An ice beast (D:6)
  An orc warrior (D:3)
  A necrophage (D:7)
  A sky beast (D:6)
  4 ogres
  A gnoll sergeant (D:5)
  A giant frog (D:6)
  3 scorpions
  3 wights (D:6)
  4 crimson imps
  2 hounds
  4 iguanas
  6 orc wizards
  Jessica (D:3)
  8 worker ants
  16 gnolls
  12 adders
  5 river rats (Sewer)
  A shadow imp (D:7)
  5 worms
  10 giant geckos
  20 orcs
  14 bats
  A bat zombie (D:7)
  6 giant cockroaches
  14 hobgoblins
  13 jackals
  4 quokkas
  4 ball pythons (Sewer)
  3 giant newts (D:2)
  22 goblins
  A jackal skeleton (D:8)
  A jackal zombie (D:6)
  31 kobolds
  34 rats
261 creatures vanquished.

Vanquished Creatures (others)
  An orc wizard (D:3)
1 creature vanquished.

Grand Total: 262 creatures vanquished

Notes
Turn   | Place    | Note
--------------------------------------------------------------
     0 | D:1      | pulse the Hill Orc Fighter began the quest for the Orb.
     0 | D:1      | Reached XP level 1. HP: 19/19 MP: 1/1
   301 | D:1      | Reached XP level 2. HP: 22/27 MP: 2/2
   780 | D:1      | Reached XP level 3. HP: 28/33 MP: 3/3
  1520 | D:2      | Reached skill level 4 in Fighting
  1716 | D:2      | Reached XP level 4. HP: 20/40 MP: 4/4
  2377 | D:3      | Reached XP level 5. HP: 26/46 MP: 5/5
  2505 | D:3      | Noticed an orc warrior
  2520 | D:3      | Killed an orc warrior
  2520 | D:3      | Reached skill level 1 in Dodging
  2520 | D:3      | Reached XP level 6. HP: 14/53 MP: 6/6
  2932 | D:3      | Reached skill level 5 in Axes
  2933 | D:3      | Noticed Sigmund
  2956 | D:3      | Killed Sigmund
  2956 | D:3      | Reached skill level 6 in Axes
  3279 | D:3      | Noticed Jessica
  3283 | D:3      | Reached XP level 7. HP: 60/60 MP: 7/7
  3298 | D:3      | Killed Jessica
  3298 | D:3      | Reached skill level 7 in Axes
  3403 | D:3      | Found a glowing golden altar of the Shining One.
  3628 | D:4      | Found Izizxyma's Weapon Shoppe.
  3639 | D:4      | Found a staircase to the Ecumenical Temple.
  3661 | Temple   | Entered the Ecumenical Temple
  3796 | Temple   | Became a worshipper of Makhleb the Destroyer
  4245 | D:3      | Reached skill level 5 in Armour
  4260 | D:3      | Reached skill level 8 in Axes
  4709 | D:4      | Found Pocsuill's Magic Scroll Shoppe.
  4717 | D:4      | Bought a scroll of teleportation for 36 gold pieces
  4717 | D:4      | Bought a scroll of teleportation for 36 gold pieces
  4717 | D:4      | Bought a scroll of identify for 24 gold pieces
  4972 | D:4      | Reached XP level 8. HP: 58/67 MP: 8/8
  5038 | D:4      | Found Musti's Magic Scroll Emporium.
  5047 | D:4      | Bought a scroll of teleportation for 39 gold pieces
  5048 | D:4      | Noticed Menkaure
  5053 | D:4      | Killed Menkaure
  5213 | D:4      | Found Huhiatuf's General Store.
  5222 | D:4      | Acquired Makhleb's first power
  5268 | D:4      | Found Geufiunu's Weapon Shoppe.
  5454 | D:4      | Found an iron altar of Okawaru.
  5468 | D:4      | Found a shadowy altar of Dithmenos.
  5840 | D:5      | Entered Level 5 of the Dungeon
  5906 | D:5      | HP: 2/67 [orc/short sword of electrocution (17)]
  5965 | D:5      | Found a glowing drain.
  5969 | Sewer    | Entered a sewer
  6054 | Sewer    | Acquired Makhleb's second power
  6824 | Sewer    | Acquired Makhleb's third power
  7085 | D:5      | Found a blossoming altar of Fedhas.
  7085 | D:5      | Found a stormy altar of Qazlal.
  7208 | D:5      | Reached skill level 9 in Axes
  7378 | D:5      | Reached skill level 5 in Fighting
  7384 | D:5      | Reached skill level 1 in Evocations
  7407 | D:5      | Found Zin's Purification Station.
  7419 | D:5      | Found a glowing silver altar of Zin.
  8695 | D:5      | Reached XP level 9. HP: 74/74 MP: 10/10
  8942 | D:6      | Found a sacrificial altar of Ru.
  8997 | D:6      | Acquired Makhleb's fourth power
  9355 | D:6      | Noticed Grinder
  9367 | D:6      | Killed Grinder
  9742 | D:6      | Found a basalt altar of Yredelemnul.
 10682 | D:7      | Found Mimycru's Distillery.
 10685 | D:7      | Bought a potion of curing for 42 gold pieces
 10685 | D:7      | Bought a potion of curing for 42 gold pieces
 10819 | D:8      | Found a flagged portal.
 10849 | Bailey   | Entered a bailey
 10849 | Bailey   | Noticed an orc knight
 10883 | Bailey   | Noticed an orc knight
 10883 | Bailey   | Noticed an orc knight
 10995 | Bailey   | Noticed an orc knight
 11002 | Bailey   | Slain by an orc warrior

Vault maps used:
D:1:      evilmike_arrival_run_for_it
D:2:      minmay_stone_trees_small, kennysheep_minor_cross,
          minmay_goblin_outpost
D:3:      tso_altar, first_bread, uniq_sigmund, uniq_jessica
D:4:      lemuel_doored_altar, okawaru_altar_gauntlet_db,
          minmay_temple_entry_trees, serial_shops, shop, shop, shop, shop,
          nicolae_shop_statue_plus, kennysheep_cluttered_room, uniq_menkaure
D:5:      grunt_temple_overflow_forces_of_nature, zin_purify,
          gup_sewer_entry_bowl
D:6:      overflow_temple_1_default, nicolae_ru_awakened_eye,
          kennysheep_generic_room_3, uniq_grinder
D:7:      serial_shops, nicolae_shop_behind_doors, minmay_holes
D:8:      gammafunk_temple_overflow_pools, serial_shops, shop, enter_bailey_2,
          minmay_fire_ice_demons
Temple:   nicolae_temple_figure_zero
Sewer:    sewer_minmay_treatment
Bailey:   bailey_polearm_4, bailey

Action                   |  1- 3 |  4- 6 |  7- 9 || total
-------------------------+-------+-------+-------++-------
Melee: War axe           |   120 |   128 |       ||   248
       Scythe            |       |     4 |   169 ||   173
       Halberd           |       |       |   522 ||   522
       Flail             |       |       |    61 ||    61
 Abil: Evoke Teleportati |       |       |     3 ||     3
  Use: Scroll            |     5 |     3 |    15 ||    23
       Potion            |       |     3 |     7 ||    10
  Eat: Chunk             |     3 |     1 |     9 ||    13
       Bread ration      |       |     1 |     4 ||     5
       Pizza             |       |       |     1 ||     1
